[Event "2024 Fred Maris Cup (Division D)"]
[Site "Woodvale, Perth WA AUS"]
[Date "2024.06.19"]
[Round "2"]
[White "Knight, Charles"]
[Black "Hintz, Steven"]
[Result "1-0"]
[ECO "A80"]
[WhiteElo "1620"]
[BlackElo "1567"]
[PlyCount "79"]
[EventDate "2024.06.12"]
[EventType "tourn"]
[EventRounds "5"]
[EventCountry "AUS"]
[TimeControl "3600+30"]

1. d4 e6 2. Bf4 f5 3. Nf3 Nf6 4. e3 d5 5. Nbd2 c6 6. c4 Bd6 7. Ne5 O-O 8. Be2
Bc7 9. h3 Bxe5 10. Bxe5 Nbd7 11. Nf3 Nxe5 12. Nxe5 Ne4 13. O-O Bd7 14. Rc1 Be8
15. cxd5 exd5 16. Bd3 Nd6 17. f4 Qh4 18. Qe1 Qxe1 19. Rcxe1 Ne4 20. Bxe4 fxe4
21. g4 g6 22. Rf2 Rd8 23. Ref1 Rd6 24. f5 gxf5 25. Rxf5 Rxf5 26. Rxf5 Bg6 27.
Rg5 Kg7 28. Nxg6 hxg6 29. h4 Kf6 30. b4 Rd8 31. Kg2 Re8 32. Kg3 Re7 33. Kf4 Rh7
34. h5 Rg7 35. Rxg6+ Rxg6 36. hxg6 Kxg6 37. g5 a6 38. a3 b6 39. a4 b5 40. a5
1-0

[Event "2024 Fred Maris Cup (Division D)"]
[Site "Woodvale, Perth WA AUS"]
[Date "2024.06.19"]
[Round "2"]
[White "Michael, Ashley"]
[Black "Curtis, Calan"]
[Result "1-0"]
[ECO "C11"]
[WhiteElo "1590"]
[BlackElo "1574"]
[PlyCount "31"]
[EventDate "2024.06.12"]
[EventType "tourn"]
[EventRounds "5"]
[EventCountry "AUS"]
[TimeControl "3600+30"]

1. e4 e6 2. Nf3 d5 3. Nc3 Nf6 4. e5 Nfd7 5. d4 c5 6. Bg5 f6 7. exf6 Nxf6 8.
Bb5+ Bd7 9. Qe2 Nc6 10. Nxd5 Qa5+ 11. Bd2 Qd8 12. Nf4 Qe7 13. dxc5 e5 14. Bxc6
Bxc6 15. Nxe5 Be4 16. Ned3 1-0

[Event "2024 Fred Maris Cup (Division D)"]
[Site "Woodvale, Perth WA AUS"]
[Date "2024.06.19"]
[Round "2"]
[White "Garang, Kuol Awan"]
[Black "Sethuraman, Jaswanth Ram"]
[Result "1-0"]
[ECO "C30"]
[WhiteElo "1647"]
[BlackElo "1539"]
[PlyCount "59"]
[EventDate "2024.06.12"]
[EventType "tourn"]
[EventRounds "5"]
[EventCountry "AUS"]
[TimeControl "3600+30"]

1. e4 e5 2. f4 d6 3. Nf3 Bg4 4. d3 Nc6 5. c3 g6 6. Be2 Bg7 7. O-O Nge7 8. Na3
Qd7 9. b4 a6 10. Qb3 h6 11. fxe5 dxe5 12. Be3 Bxf3 13. Rxf3 Rf8 14. Raf1 Nc8
15. Nc2 b6 16. a4 f5 17. exf5 gxf5 18. b5 Na5 19. Qb2 f4 20. Qb4 Ne7 21. Qe4
Rb8 22. Qh7 Rg8 23. Bxf4 exf4 24. Rxf4 Qd5 25. Re4 c5 26. c4 Bd4+ 27. Nxd4 Qg5
28. Rxe7+ Kd8 29. Ne6+ Kc8 30. Rc7# 1-0

[Event "2024 Fred Maris Cup (Division E)"]
[Site "Woodvale, Perth WA AUS"]
[Date "2024.07.10"]
[Round "2"]
[White "Raf, Adel"]
[Black "Boswarva, Ernest"]
[Result "0-1"]
[ECO "B07"]
[WhiteElo "1522"]
[BlackElo "1452"]
[PlyCount "96"]
[EventDate "2024.06.12"]
[EventType "tourn"]
[EventRounds "5"]
[EventCountry "AUS"]
[TimeControl "3600+30"]

1. e4 d6 2. Nc3 Nf6 3. f4 Nbd7 4. Nf3 e5 5. f5 h6 6. Bb5 c6 7. Ba4 Be7 8. O-O
Nc5 9. d3 Nxa4 10. Nxa4 O-O 11. Qe1 b5 12. Nc3 a5 13. Qh4 Qc7 14. h3 Nh7 15.
Qg3 Kh8 16. Qf2 b4 17. Ne2 d5 18. Kh1 c5 19. g4 dxe4 20. dxe4 Ba6 21. h4 Qc6
22. Qe3 Qb5 23. Ng3 f6 24. g5 hxg5 25. h5 Qe8 26. Rg1 Rd8 27. Nh2 Qf7 28. Ng4
Rd4 29. h6 Rfd8 30. hxg7+ Kxg7 31. b3 Rd1 32. Bb2 Rxa1 33. Bxa1 c4 34. Qb6 Bc8
35. Qxa5 c3 36. a3 Bb7 37. Qc7 Bxe4+ 38. Nxe4 Qh5+ 39. Nh2 Kf7 40. Qc4+ Kf8 41.
Ng3 Qe8 42. axb4 Rd2 43. Qxc3 Qd8 44. Bb2 Qd5+ 45. Qf3 Rxh2+ 46. Kxh2 Qxf3 47.
Ra1 g4 48. b5 Qf2+ 0-1

[Event "2024 Fred Maris Cup (Division E)"]
[Site "Woodvale, Perth WA AUS"]
[Date "2024.06.19"]
[Round "2"]
[White "Brooke, John"]
[Black "Leech, Martin"]
[Result "0-1"]
[ECO "D00"]
[WhiteElo "1407"]
[BlackElo "1557"]
[PlyCount "122"]
[EventDate "2024.06.12"]
[EventType "tourn"]
[EventRounds "5"]
[EventCountry "AUS"]
[TimeControl "3600+30"]

1. d4 d5 2. Bf4 Nf6 3. Nc3 a6 4. h3 c5 5. Nf3 e6 6. e3 Nc6 7. Na4 Qa5+ 8. c3
cxd4 9. Nxd4 Nxd4 10. Qxd4 Bd7 11. b3 Be7 12. Bd3 Rc8 13. Qb6 Qxb6 14. Nxb6
Rxc3 15. Be2 Bb4 16. O-O O-O 17. Be5 Rc6 18. Na4 Ne4 19. Rfd1 b5 20. Nb2 f6 21.
Nd3 Bc3 22. Bxc3 Nxc3 23. Rd2 Rfc8 24. Bf3 a5 25. Kh2 e5 26. Ne1 Rd6 27. Rc2 d4
28. exd4 exd4 29. Rac1 Bf5 30. Rd2 d3 31. Bd1 b4 32. Nf3 g5 33. Ne1 Re8 34. Bh5
Nxa2 35. Rc5 Rxe1 36. Rxf5 Nc1 37. Bd1 Re2 38. Bxe2 dxe2 39. Rxd6 e1=Q 40. Rxa5
Ne2 41. Ra8+ Kg7 42. Rd7+ Kh6 43. h4 Qg1+ 44. Kh3 Qh1+ 45. Kg4 Qxg2+ 46. Kf5
Qxa8 47. hxg5+ fxg5 48. Rd6+ Kh5 49. Ke5 Nf4 50. f3 Qxf3 51. Rd7 Ng6+ 52. Kd6
Qxb3 53. Rxh7+ Kg4 54. Rb7 Qd3+ 55. Kc5 Qc3+ 56. Kd6 b3 57. Rc7 Qd2+ 58. Kc5 b2
59. Rb7 Qc2+ 60. Kd6 b1=Q 61. Rxb1 Qxb1 0-1

[Event "2024 Fred Maris Cup (Division F)"]
[Site "Woodvale, Perth WA AUS"]
[Date "2024.06.19"]
[Round "2"]
[White "Rennie, Mike"]
[Black "Porteus, Grant"]
[Result "0-1"]
[ECO "B11"]
[WhiteElo "923"]
[BlackElo "1228"]
[PlyCount "76"]
[EventDate "2024.06.12"]
[EventType "swiss"]
[EventRounds "5"]
[EventCountry "AUS"]
[TimeControl "3600+30"]

1. e4 c6 2. d3 d5 3. Nc3 d4 4. Nce2 c5 5. Ng3 Nc6 6. Nf3 g6 7. b3 Bg7 8. Ba3
Qa5+ 9. b4 Qxa3 10. bxc5 Nb4 11. Nd2 Bd7 12. Ne2 Ba4 13. Nxd4 Bxd4 14. Nc4 Qc3+
15. Nd2 Nxc2+ 16. Ke2 Bxc5 17. Rc1 Qd4 18. Qxc2 Bxc2 19. Rxc2 Qxf2+ 20. Kd1 Bb4
21. Be2 Nf6 22. Rf1 Qxg2 23. Bf3 Qg5 24. Rf2 Bxd2 25. Rfxd2 O-O 26. Ke2 Rac8
27. Rb2 b6 28. h3 Rfd8 29. e5 Qxe5+ 30. Kf2 Rc3 31. Re2 Qd4+ 32. Kg2 Rxd3 33.
Kg3 Ne4+ 34. Rxe4 Qxe4 35. Rf2 R8d4 36. Kg2 Rxf3 37. Rxf3 Rd3 38. Kg3 Qxf3+ 0-1

[Event "2024 Fred Maris Cup (Division F)"]
[Site "Woodvale, Perth WA AUS"]
[Date "2024.06.19"]
[Round "2"]
[White "Owen, Geoff"]
[Black "Frankland, David"]
[Result "0-1"]
[ECO "C21"]
[WhiteElo "1175"]
[BlackElo "1145"]
[PlyCount "160"]
[EventDate "2024.06.12"]
[EventType "swiss"]
[EventRounds "5"]
[EventCountry "AUS"]
[TimeControl "3600+30"]

1. e4 e5 2. d4 Bd6 3. Nf3 f6 4. Bc4 c6 5. Nh4 g6 6. d5 Bc5 7. dxc6 Nxc6 8. Qd5
Qe7 9. O-O Nb4 10. Qd1 d6 11. Nc3 a6 12. Nd5 Nxd5 13. Qxd5 Ra7 14. a4 Bd7 15.
a5 Bc6 16. Qd3 Qd7 17. c3 Bb5 18. b4 Bxb4 19. cxb4 Bxc4 20. Qxc4 Ne7 21. Be3
Ra8 22. Rad1 Rc8 23. Qd3 Rc6 24. Bc5 Nc8 25. f4 Ke7 26. fxe5 fxe5 27. Qd5 Qe6
28. Qxe6+ Kxe6 29. Be3 Rc4 30. Bd2 Rxe4 31. Nf3 Kd7 32. Rde1 Rxe1 33. Bxe1 Ke6
34. Bc3 h6 35. Re1 Ne7 36. Nd4+ Kd7 37. Nf3 Rc8 38. Bd2 g5 39. h4 g4 40. Nh2 h5
41. Nf1 Nf5 42. Bg5 Rc4 43. Rb1 g3 44. b5 axb5 45. Rxb5 Rc7 46. Ne3 Nd4 47. Rb2
Rc5 48. a6 bxa6 49. Nf1 Rb5 50. Ra2 a5 51. Nxg3 Kc6 52. Bf6 Kd5 53. Bd8 Nc6 54.
Bc7 Rb1+ 55. Kh2 Rb5 56. Nf5 Rb4 57. Bxd6 Rf4 58. Rd2+ Ke6 59. Ng7+ Kf7 60.
Nxh5 Rxh4+ 61. Kg3 Rxh5 62. Rf2+ Ke6 63. Kg4 Rh1 64. Bc7 Ra1 65. Kg5 Kd7 66.
Bb6 Ra3 67. Rf7+ Ke8 68. Kf6 Rg3 69. Bc5 Rxg2 70. Rf8+ Kd7 71. Rf7+ Kc8 72.
Rf8+ Kb7 73. Rf7+ Ka6 74. Rc7 Kb5 75. Bd6 e4 76. Ke6 e3 77. Kd5 Rd2+ 78. Ke4
Rxd6 79. Kxe3 a4 80. Rh7 Rd1 0-1

[Event "2024 Fred Maris Cup (Division F)"]
[Site "Woodvale, Perth WA AUS"]
[Date "2024.06.19"]
[Round "2"]
[White "Powell, Darren"]
[Black "Gough, Sebastian"]
[Result "0-1"]
[ECO "B13"]
[WhiteElo "1283"]
[BlackElo "1191"]
[PlyCount "114"]
[EventDate "2024.06.12"]
[EventType "swiss"]
[EventRounds "5"]
[EventCountry "AUS"]
[TimeControl "3600+30"]

1. e4 c6 2. Nc3 d5 3. exd5 cxd5 4. d4 Nf6 5. Nf3 Nc6 6. Bf4 Bg4 7. Nb5 Rc8 8.
Qe2 Bxf3 9. gxf3 a6 10. Nd6+ Kd7 11. Bh3+ e6 12. Nxb7 Qb6 13. Nc5+ Bxc5 14.
dxc5 Qxb2 15. O-O Nb4 16. Bd6 Qxc2 17. Qxc2 Nxc2 18. Rab1 Nd4 19. Rb7+ Ke8 20.
Kg2 Nd7 21. Rd1 Nc6 22. f4 Nd8 23. Ra7 f5 24. Re1 g6 25. Kg3 Rg8 26. Bf1 Rg7
27. Rc1 Rf7 28. Bxa6 Nc6 29. Bxc8 Nxa7 30. Bb7 Nxc5 31. Bxc5 Rxb7 32. Re1 Kf7
33. Re3 Rc7 34. Bb6 Rb7 35. Rb3 Nc8 36. Bd4 Rxb3+ 37. axb3 Nd6 38. f3 Nb5 39.
Be5 Ke8 40. Kf2 Kd7 41. Ke3 Kc6 42. Kd3 Kc5 43. Kc2 Nd4+ 44. Bxd4+ Kxd4 45. Kb2
Kc5 46. Kc3 Kb5 47. b4 Ka4 48. h3 h6 49. h4 h5 50. Kd4 Kxb4 51. Ke5 Kc4 52. Kf6
d4 53. Kxg6 d3 54. Kxh5 d2 55. Kg5 d1=Q 56. h5 Qg1+ 57. Kf6 Qg8 0-1

[Event "2024 Fred Maris Cup (Division A)"]
[Site "Woodvale, Perth WA AUS"]
[Date "2024.06.26"]
[Round "3"]
[White "Taylor, Leon"]
[Black "Saxon, Marc"]
[Result "1-0"]
[ECO "B20"]
[WhiteElo "2098"]
[BlackElo "2026"]
[PlyCount "63"]
[EventDate "2024.06.12"]
[EventType "tourn"]
[EventRounds "5"]
[EventCountry "AUS"]
[TimeControl "3600+30"]

1. e4 c5 2. a3 g6 3. b4 Bg7 4. Nc3 d6 5. Nf3 Nf6 6. Rb1 O-O 7. Bc4 a6 8. bxc5
dxc5 9. a4 Nc6 10. h3 Qc7 11. O-O Bd7 12. Bb2 e6 13. d3 Rac8 14. Re1 Ne8 15. e5
Nd4 16. Bd5 exd5 17. Nxd5 Qd8 18. Nxd4 cxd4 19. Ba3 Qg5 20. Ne7+ Kh8 21. Nxc8
Bxh3 22. Qf3 Bxc8 23. Bxf8 Bxf8 24. Qxf7 Qe7 25. Qxe7 Bxe7 26. c3 dxc3 27. Rec1
Bf5 28. Rxb7 Bg5 29. Rxc3 h5 30. Rb8 Bd7 31. Rxe8+ Bxe8 32. Rc8 1-0

[Event "2024 Fred Maris Cup (Division A)"]
[Site "Woodvale, Perth WA AUS"]
[Date "2024.06.26"]
[Round "3"]
[White "Plaganyi, Gyula"]
[Black "Clarke, Daniel"]
[Result "1-0"]
[ECO "A07"]
[WhiteElo "2017"]
[BlackElo "1960"]
[BlackTitle "CM"]
[PlyCount "71"]
[EventDate "2024.06.12"]
[EventType "tourn"]
[EventRounds "5"]
[EventCountry "AUS"]
[TimeControl "3600+30"]

1. Nf3 d5 2. g3 Nf6 3. Bg2 Bf5 4. d3 e6 5. c4 c6 6. cxd5 cxd5 7. O-O Nc6 8. Nc3
Be7 9. Bf4 a6 10. a4 O-O 11. Nh4 Bg6 12. Nxg6 hxg6 13. e4 dxe4 14. dxe4 Qxd1
15. Rfxd1 e5 16. Be3 Rfd8 17. Bb6 Rxd1+ 18. Rxd1 Bd8 19. Be3 Ng4 20. Bc5 b6 21.
Bd6 Nf6 22. f4 Ng4 23. Nd5 exf4 24. gxf4 Bh4 25. h3 Bf2+ 26. Kh1 Ne3 27. Rd2
Nc4 28. Rxf2 Nxd6 29. e5 Nc8 30. Rc2 Nd4 31. Rc4 Nf5 32. Nf6+ gxf6 33. Bxa8
Nce7 34. exf6 Nd6 35. fxe7 Nxc4 36. e8=Q+ 1-0

[Event "2024 Fred Maris Cup (Division A)"]
[Site "Woodvale, Perth WA AUS"]
[Date "2024.06.26"]
[Round "3"]
[White "Gibson, Jacob"]
[Black "Selby, Michael"]
[Result "0-1"]
[ECO "C42"]
[WhiteElo "2023"]
[BlackElo "1899"]
[PlyCount "84"]
[EventDate "2024.06.12"]
[EventType "tourn"]
[EventRounds "5"]
[EventCountry "AUS"]
[TimeControl "3600+30"]

1. e4 e5 2. Nf3 Nf6 3. Nxe5 Qe7 4. d4 Nc6 5. Nxc6 Qxe4+ 6. Qe2 dxc6 7. Qxe4+
Nxe4 8. Bd3 Nf6 9. O-O Be6 10. f4 O-O-O 11. f5 Bd7 12. Bg5 Be7 13. Nc3 Rde8 14.
Rae1 h6 15. Bh4 Bd8 16. Bc4 Rxe1 17. Bxe1 Rf8 18. h3 Ne8 19. Ne4 Nd6 20. Bb4
Be7 21. f6 gxf6 22. Bxd6 cxd6 23. Nxf6 d5 24. Be2 Be6 25. Bh5 Kd8 26. h4 Rh8
27. g3 Bd6 28. Kg2 Ke7 29. Rf3 Rc8 30. Ng4 c5 31. dxc5 Rxc5 32. c3 d4 33. Nf6
dxc3 34. bxc3 Bxa2 35. Bg4 a5 36. Ne4 Re5 37. Nxd6 Kxd6 38. Rf6+ Be6 39. Bd1 b5
40. Rxh6 a4 41. Rh8 a3 42. Ra8 Bd5+ 0-1

[Event "2024 Fred Maris Cup (Division B)"]
[Site "Woodvale, Perth WA AUS"]
[Date "2024.06.26"]
[Round "3"]
[White "Deng, Eric"]
[Black "Wolstencroft, Alan"]
[Result "1-0"]
[ECO "B83"]
[WhiteElo "1886"]
[BlackElo "1864"]
[PlyCount "127"]
[EventDate "2024.06.12"]
[EventType "tourn"]
[EventRounds "5"]
[EventCountry "AUS"]
[TimeControl "3600+30"]

1. Nf3 c5 2. e4 d6 3. d4 cxd4 4. Nxd4 Nf6 5. Nc3 Nc6 6. Be3 e6 7. f3 a6 8. Be2
Be7 9. Qd2 Bd7 10. g4 O-O 11. O-O-O Nxd4 12. Bxd4 Bc6 13. h4 Nd7 14. g5 b5 15.
Rdg1 b4 16. Nb1 d5 17. h5 dxe4 18. g6 e5 19. h6 Bf6 20. gxh7+ Kh8 21. hxg7+
Bxg7 22. Rxg7 Kxg7 23. Qh6+ Kh8 24. Rg1 Qf6 25. Qxf6+ Nxf6 26. Bxe5 Kxh7 27.
Bxf6 Rg8 28. Rh1+ Kg6 29. Be7 a5 30. fxe4 Bxe4 31. Bh5+ Kf5 32. Rf1+ Ke5 33.
Bxf7 Rgc8 34. Bf6+ Kd6 35. Rd1+ Kc5 36. Nd2 Bd5 37. Nb3+ Bxb3 38. Bxb3 Kb6 39.
Bd5 Ra6 40. b3 Kc7 41. Be5+ Kb6 42. Bc4 Raa8 43. Rd6+ Kc5 44. Rd5+ Kc6 45. Bd4
Kc7 46. Bb5 Rd8 47. Rc5+ Kd6 48. Bc4 Rac8 49. Rxa5 Ke7 50. Be3 Kd6 51. Rb5 Rh8
52. Rxb4 Rh1+ 53. Kb2 Ke5 54. Rb5+ Kf6 55. Bg5+ Kg6 56. Bd3+ Kf7 57. a4 Re8 58.
Bd2 Rh2 59. Bc3 Rd8 60. Bc4+ Kg6 61. a5 Rd1 62. a6 Rhh1 63. a7 Ra1 64. Bd4 1-0

[Event "2024 Fred Maris Cup (Division C)"]
[Site "Woodvale, Perth WA AUS"]
[Date "2024.06.26"]
[Round "3"]
[White "Otis, Max"]
[Black "Bhatia, Abhay"]
[Result "1-0"]
[ECO "C30"]
[WhiteElo "1620"]
[BlackElo "1694"]
[PlyCount "27"]
[EventDate "2024.06.12"]
[EventType "tourn"]
[EventRounds "5"]
[EventCountry "AUS"]
[TimeControl "3600+30"]

1. e4 e5 2. Nc3 Nf6 3. f4 d6 4. Nf3 Bg4 5. Bc4 exf4 6. d4 Be7 7. Bxf4 O-O 8. h3
Bh5 9. g4 Bg6 10. Qe2 c6 11. Nh4 Nxe4 12. Nxg6 Nxc3 13. Qxe7 Re8 14. Bxf7# 1-0

[Event "2024 Fred Maris Cup (Division C)"]
[Site "Woodvale, Perth WA AUS"]
[Date "2024.06.26"]
[Round "3"]
[White "Gough, Dylan"]
[Black "Roebuck, Derek"]
[Result "1-0"]
[ECO "D13"]
[WhiteElo "1762"]
[BlackElo "1752"]
[PlyCount "27"]
[EventDate "2024.06.12"]
[EventType "tourn"]
[EventRounds "5"]
[EventCountry "AUS"]
[TimeControl "3600+30"]

1. d4 d5 2. c4 c6 3. Nf3 Nf6 4. cxd5 cxd5 5. Nc3 Nc6 6. Bg5 e6 7. e3 Be7 {(=)}
8. Bb5 Ne4 9. Bxe7 Qxe7 10. Bxc6+ bxc6 11. Ne5 Nxc3 12. bxc3 Bd7 13. O-O f6 14.
Qh5+ 1-0

[Event "2024 Fred Maris Cup (Division D)"]
[Site "Woodvale, Perth WA AUS"]
[Date "2024.06.26"]
[Round "3"]
[White "Sethuraman, Jaswanth Ram"]
[Black "Knight, Charles"]
[Result "1/2-1/2"]
[ECO "B13"]
[WhiteElo "1539"]
[BlackElo "1620"]
[PlyCount "43"]
[EventDate "2024.06.12"]
[EventType "tourn"]
[EventRounds "5"]
[EventCountry "AUS"]
[TimeControl "3600+30"]

1. e4 c6 2. Nc3 d5 3. exd5 cxd5 4. d4 Nf6 5. Bg5 h6 6. Bxf6 exf6 7. a3 Be6 8.
Be2 Nc6 9. Nf3 Bd6 10. Bb5 O-O 11. O-O a6 12. Bxc6 bxc6 13. Re1 Re8 14. h3 Qd7
15. Qd2 Bxh3 16. gxh3 Qxh3 17. Qd3 Qh5 18. Re3 Rxe3 19. Qxe3 Qg4+ 20. Kh1 Kf8
21. Re1 Qh3+ 22. Kg1 1/2-1/2

[Event "2024 Fred Maris Cup (Division D)"]
[Site "Woodvale, Perth WA AUS"]
[Date "2024.06.26"]
[Round "3"]
[White "Curtis, Calan"]
[Black "Garang, Kuol Awan"]
[Result "1-0"]
[ECO "A40"]
[WhiteElo "1574"]
[BlackElo "1647"]
[PlyCount "71"]
[EventDate "2024.06.12"]
[EventType "tourn"]
[EventRounds "5"]
[EventCountry "AUS"]
[TimeControl "3600+30"]

1. d4 e5 2. dxe5 Nc6 3. Nf3 Bc5 4. Nc3 Nge7 5. Na4 Bb6 6. c4 d6 7. exd6 Be6 8.
c5 Ba5+ 9. Bd2 cxd6 10. cxd6 Qxd6 11. Bxa5 Qxd1+ 12. Rxd1 Nxa5 13. b3 O-O 14.
e3 Nd5 15. Nc5 Nb4 16. Nxe6 fxe6 17. Nd4 e5 18. a3 exd4 19. axb4 Nc6 20. b5
dxe3 21. bxc6 exf2+ 22. Kd2 Rad8+ 23. Ke2 Rxd1 24. Kxd1 bxc6 25. Bc4+ Kh8 26.
Rf1 g5 27. Ke2 Kg7 28. Rxf2 Rxf2+ 29. Kxf2 h5 30. Kf3 Kf6 31. Ke4 a5 32. Be2 h4
33. h3 Ke6 34. Kd4 Kd6 35. Bf3 c5+ 36. Kc4 1-0

[Event "2024 Fred Maris Cup (Division D)"]
[Site "Woodvale, Perth WA AUS"]
[Date "2024.06.26"]
[Round "3"]
[White "Hintz, Steven"]
[Black "Michael, Ashley"]
[Result "1/2-1/2"]
[ECO "A25"]
[WhiteElo "1567"]
[BlackElo "1590"]
[PlyCount "56"]
[EventDate "2024.06.12"]
[EventType "tourn"]
[EventRounds "5"]
[EventCountry "AUS"]
[TimeControl "3600+30"]

1. c4 e5 2. Nc3 Nf6 3. e4 Nc6 4. g3 Bc5 5. Bg2 a6 6. Nge2 d6 7. O-O Bg4 8. d3
Qd7 9. Be3 O-O-O 10. Bxc5 dxc5 11. Nd5 Nxd5 12. cxd5 Nd4 13. f3 Bh3 14. Nxd4
cxd4 15. Rf2 h5 16. Rc1 Kb8 17. b4 Bxg2 18. Rxg2 Rh6 19. Rc5 b6 20. Rc4 f5 21.
Rgc2 Rc8 22. Rc6 fxe4 23. fxe4 Rxc6 24. Rxc6 Qf7 25. a4 Rf8 26. Rc2 Qf3 27.
Qxf3 Rxf3 28. Rd2 Kc8 1/2-1/2

[Event "2024 Fred Maris Cup (Division E)"]
[Site "Woodvale, Perth WA AUS"]
[Date "2024.06.26"]
[Round "3"]
[White "Boswarva, Ernest"]
[Black "Brooke, John"]
[Result "0-1"]
[ECO "D00"]
[WhiteElo "1452"]
[BlackElo "1407"]
[PlyCount "81"]
[EventDate "2024.06.12"]
[EventType "tourn"]
[EventRounds "5"]
[EventCountry "AUS"]
[TimeControl "3600+30"]

1. d4 d5 2. e3 Nf6 3. Bd3 a6 4. Nd2 b5 5. c3 e6 6. f4 c5 7. Ngf3 c4 8. Bc2 Bd6
9. O-O Ng4 10. Qe2 Qc7 11. Ne5 Nxe5 12. fxe5 Be7 13. Qh5 g6 14. Qh6 Nc6 15. Qg7
Rf8 16. Qxh7 Bb7 17. Rf3 O-O-O 18. Rxf7 Rxf7 19. Qxf7 Rf8 20. Qxe6+ Kb8 21. e4
Nd8 22. Qxg6 Qd7 23. Nf3 dxe4 24. Bxe4 Bc8 25. Bg5 Bxg5 26. Nxg5 Ka7 27. Rf1
Rxf1+ 28. Kxf1 Qg4 29. Nf3 Qf4 30. Qh7+ Kb8 31. Bd5 Qc1+ 32. Ne1 Qxb2 33. Qe7
Nb7 34. Bxb7 Bxb7 35. Qf8+ Ka7 36. e6 Qxc3 37. Qc5+ Kb8 38. Qd6+ Ka7 39. e7 Qe3
40. Qe5 Qxe5 41. dxe5 {White's time expired} 0-1

[Event "2024 Fred Maris Cup (Division E)"]
[Site "Woodvale, Perth WA AUS"]
[Date "2024.06.19"]
[Round "3"]
[White "Hagendoorn, Mark"]
[Black "Raf, Adel"]
[Result "1-0"]
[ECO "B27"]
[WhiteElo "1552"]
[BlackElo "1522"]
[PlyCount "30"]
[EventDate "2024.06.12"]
[EventType "tourn"]
[EventRounds "5"]
[EventCountry "AUS"]
[TimeControl "3600+30"]

1. e4 c5 2. Nf3 g6 3. d4 e6 4. Nc3 Qa5 5. Bd2 Bg7 6. Nb5 Qb6 7. Bf4 Qa5+ 8. c3
Na6 9. Nd6+ Ke7 10. e5 Nh6 11. Qd2 b5 12. Bxh6 Bxh6 13. Qxh6 b4 14. Qg5+ Kf8
15. Qf6 Kg8 1-0

[Event "2024 Fred Maris Cup (Division F)"]
[Site "Woodvale, Perth WA AUS"]
[Date "2024.06.26"]
[Round "3"]
[White "Porteus, Grant"]
[Black "Frankland, David"]
[Result "1-0"]
[ECO "C30"]
[WhiteElo "1228"]
[BlackElo "1145"]
[PlyCount "39"]
[EventDate "2024.06.12"]
[EventType "swiss"]
[EventRounds "5"]
[EventCountry "AUS"]
[TimeControl "3600+30"]

1. e4 e5 2. f4 Bd6 3. Nf3 b6 4. Bc4 f6 5. d4 exf4 6. Nh4 Ba6 7. Bxa6 Nxa6 8.
Qh5+ Ke7 9. Nf5+ Kf8 10. Nxd6 cxd6 11. Bxf4 g6 12. Bxd6+ Ne7 13. Qf3 Kf7 14.
O-O f5 15. Nc3 Nc8 16. Be5 Re8 17. exf5 Ne7 18. fxg6+ Kxg6 19. Qg4+ Kh6 20.
Bf4# 1-0

[Event "2024 Fred Maris Cup (Division F)"]
[Site "Woodvale, Perth WA AUS"]
[Date "2024.06.26"]
[Round "3"]
[White "Gough, Sebastian"]
[Black "Rennie, Mike"]
[Result "1-0"]
[ECO "D37"]
[WhiteElo "1191"]
[BlackElo "923"]
[PlyCount "97"]
[EventDate "2024.06.12"]
[EventType "swiss"]
[EventRounds "5"]
[EventCountry "AUS"]
[TimeControl "3600+30"]

1. d4 d5 2. c4 e6 3. Nc3 Nf6 4. Nf3 Bd6 5. c5 Be7 6. Bg5 Ne4 7. Bxe7 Qxe7 8.
Qd3 Bd7 9. Nxe4 dxe4 10. Qxe4 Bc6 11. Qh4 Bxf3 12. Qxe7+ Kxe7 13. gxf3 Nc6 14.
e3 Nb4 15. Kd2 Rhd8 16. Kc3 Nd5+ 17. Kd2 c6 18. Bc4 b5 19. Bxd5 Rxd5 20. Kc3 a5
21. a3 f5 22. b4 a4 23. Rhe1 Rf8 24. Ra2 f4 25. e4 Rd7 26. Rd2 g5 27. d5 e5 28.
dxc6 Rxd2 29. Kxd2 Rd8+ 30. Kc2 Rc8 31. Rg1 h6 32. h4 Rxc6 33. hxg5 Rg6 34. Kd2
Kd7 35. Ke2 Kc6 36. Kf1 Rxg5 37. Rxg5 hxg5 38. Kg2 Kc7 39. Kh3 Kc6 40. Kg4 Kd7
41. Kf5 g4 42. fxg4 f3 43. g5 Ke7 44. Kxe5 Kf7 45. c6 Kg6 46. c7 Kxg5 47. c8=Q
Kh4 48. Qg8 Kh3 49. Kf4 1-0

[Event "2024 Fred Maris Cup (Division F)"]
[Site "Woodvale, Perth WA AUS"]
[Date "2024.06.26"]
[Round "3"]
[White "Powell, Darren"]
[Black "Owen, Geoff"]
[Result "0-1"]
[ECO "B06"]
[WhiteElo "1283"]
[BlackElo "1175"]
[PlyCount "56"]
[EventDate "2024.06.12"]
[EventType "swiss"]
[EventRounds "5"]
[EventCountry "AUS"]
[TimeControl "3600+30"]

1. e4 g6 2. d4 f5 3. Nc3 Bg7 4. exf5 d5 5. g3 Bxf5 6. Bg2 Nf6 7. Bf4 c6 8. Nf3
Qb6 9. Rb1 O-O 10. O-O Nbd7 11. Nh4 Nh5 12. Nxf5 Nxf4 13. Nxe7+ Kh8 14. gxf4
Rxf4 15. Na4 Qb4 16. c3 Qxe7 17. Re1 Qh4 18. Re2 Nf6 19. f3 g5 20. Nc5 g4 21.
Re3 Bh6 22. Qd3 Ne4 23. Rf1 Rg8 24. fxe4 Rxf1+ 25. Bxf1 Bxe3+ 26. Qxe3 g3 27.
Qe2 gxh2+ 28. Kh1 Rg1# 0-1

[Event "2024 Fred Maris Cup (Division A)"]
[Site "Woodvale, Perth WA AUS"]
[Date "2024.07.03"]
[Round "4"]
[White "Saxon, Marc"]
[Black "Selby, Michael"]
[Result "1-0"]
[ECO "B01"]
[WhiteElo "2026"]
[BlackElo "1899"]
[PlyCount "117"]
[EventDate "2024.06.12"]
[EventType "tourn"]
[EventRounds "5"]
[EventCountry "AUS"]
[TimeControl "3600+30"]

1. e4 d5 2. exd5 Qxd5 3. Nc3 Qd8 4. Bc4 Nc6 5. Nf3 Bf5 6. d4 e6 7. O-O Bd6 8.
Re1 Nge7 9. Nb5 O-O 10. Nh4 a6 11. Nxd6 Qxd6 12. Nxf5 Nxf5 13. c3 Rad8 14. Qf3
b5 15. Bd3 Nce7 16. g4 Nh4 17. Qh3 Nhg6 18. a4 b4 19. Re5 f5 20. Re2 c5 21. Bg5
Rde8 22. dxc5 Qxc5 23. Rxe6 fxg4 24. Qe3 Qxe3 25. Rxe3 Nc6 26. Bc4+ Kh8 27.
Rxe8 Rxe8 28. Bxa6 Nge5 29. Kg2 bxc3 30. bxc3 Nf3 31. Be3 Nce5 32. Be2 Rc8 33.
Bd4 h5 34. Bxe5 Nxe5 35. a5 Rxc3 36. a6 Nc6 37. a7 Nxa7 38. Rxa7 Kh7 39. Re7
Rc6 40. Re5 Kh6 41. h3 gxh3+ 42. Kxh3 g6 43. Bd3 Rf6 44. Kg2 Rd6 45. Be4 Rf6
46. Rc5 Re6 47. Kf3 Rf6+ 48. Ke3 Re6 49. Rc6 Rxc6 50. Bxc6 Kg5 51. Kf3 h4 52.
Bd7 Kh5 53. Kf4 g5+ 54. Kf3 Kg6 55. Kg4 Kf6 56. Bb5 Ke5 57. Kxg5 h3 58. Bf1 Kd4
59. f4 1-0

[Event "2024 Fred Maris Cup (Division A)"]
[Site "Woodvale, Perth WA AUS"]
[Date "2024.07.03"]
[Round "4"]
[White "Clarke, Daniel"]
[Black "Gibson, Jacob"]
[Result "0-1"]
[ECO "C78"]
[WhiteElo "1960"]
[BlackElo "2023"]
[PlyCount "66"]
[EventDate "2024.06.12"]
[EventType "tourn"]
[EventRounds "5"]
[EventCountry "AUS"]
[TimeControl "3600+30"]

1. e4 e5 2. Nf3 Nc6 3. Bb5 a6 4. Ba4 Nf6 5. O-O b5 6. Bb3 Bb7 7. c3 Bc5 8. d4
Bb6 9. Re1 d6 10. Bg5 Qe7 11. Bc2 h6 12. Be3 Ng4 13. Bc1 O-O-O 14. h3 h5 15.
hxg4 hxg4 16. Nh2 f5 17. g3 g5 18. Kg2 Qh7 19. Rh1 Qh3+ 20. Kg1 Nxd4 21. cxd4
Bxd4 22. Qf1 Qxg3+ 23. Qg2 Bxf2+ 24. Kf1 Qxg2+ 25. Kxg2 g3 26. Nf1 Rxh1 27.
Kxh1 fxe4 28. Ne3 g4 29. Kg2 Rh8 30. Kf1 Rh1+ 31. Ke2 Rxc1 32. Kd2 Bxe3+ 33.
Kxe3 Rxc2 0-1